 Dungeon Crawl Stone Soup version 0.29-a0-653-gd47aff6735 (webtiles) character file.

Game seed: 16567633761247260707

114 HoaS the Bolt Thrower (level 4, -8/26 HPs)
             Began as a Tengu Hunter on June 21, 2022.
             Killed from afar by an orc wizard (9 damage)
             ... with a magic dart
             ... on level 3 of the Dungeon.
             The game lasted 00:03:17 (2245 turns).

HoaS the Bolt Thrower (Tengu Hunter)                Turns: 2245, Time: 00:03:17

Health: -8/26      AC:  3    Str: 11    XL:     4   Next: 98%
Magic:  5/5        EV: 12    Int:  9    God:
Gold:   105        SH:  0    Dex: 20    Spells: 3/3 levels left

rFire   . . .      SeeInvis .   a - +2 hand crossbow
rCold   . . .      Faith    .   (no shield)
rNeg    . . .      Spirit   .   b - +0 leather armour
rPois   .          Reflect  .   (helmet restricted)
rElec   .          Harm     .   (no cloak)
rCorr   .          Rampage  .   (no gloves)
Will    .....                   (boots unavailable)
Stlth   ++........              (no amulet)
HPRegen 0.08/turn               (no ring)
MPRegen 0.09/turn               (no ring)

@: no status effects
A: beak, talons 3
a: no special abilities


You were on level 3 of the Dungeon.
You visited 1 branch of the dungeon, and saw 3 of its levels.

You collected 105 gold pieces.

Inventory:

Hand Weapons
 a - a +2 hand crossbow (weapon)
Armour
 b - a +0 leather armour (worn)
Scrolls
 c - 2 scrolls of immolation
Potions
 d - a potion of attraction
 e - 4 potions of heal wounds {unknown}
 f - a potion of mutation {unknown}
 g - a potion of resistance {unknown}
 h - 2 potions of curing {unknown}
 i - a potion of cancellation {unknown}


   Skills:
 - Level 2.0 Fighting
 + Level 6.7 Crossbows
 - Level 2.1 Dodging
 - Level 1.0 Stealth


You had 3 spell levels left.
You didn't know any spells.
Your spell library contained the following spells:

 Spells                   Type           Power      Damage    Failure   Level
 Sublimation of Blood     Necr           0%         N/A       63%         2
 Wereblood                Tmut           0%         N/A       63%         2
 Summon Hydra             Summ           0%         N/A       100%        7


Dungeon Overview and Level Annotations

Branches:
Dungeon (3/15)

Altars:
Cheibriados


Innate Abilities, Weirdness & Mutations

You have a beak for a mouth.
You have claws for feet.


Message History

You shoot a bolt. The bolt hits the orc priest!
The orc priest is severely wounded.
An orc wizard comes into view. It is wielding a +0 dagger.
You shoot a bolt. The bolt closely misses the orc wizard.
The orc wizard shouts!
The orc wizard points at you and mumbles some strange words.
The puff of flame hits you!
You are too injured to fight recklessly!
You are too injured to fight recklessly!
You are too injured to fight recklessly!
You are too injured to fight recklessly!
You are too injured to fight recklessly!
Shoot: a) +2 hand crossbow
Press: ? - help, Q - select action Shift-Dir - straight line, f - orc priest
Aim: an orc priest, wielding a +0 short sword (severely wounded, 69% to hit)
You shoot a bolt. The bolt barely misses the orc priest.
The orc priest calls down the wrath of Beogh upon you.
You barely resist.
The orc priest casts a cantrip, but nothing happens.
You hear an angry hiss.
Shoot: a) +2 hand crossbow
Press: ? - help, Q - select action Shift-Dir - straight line, f/p - orc priest
Aim: an orc priest, wielding a +0 short sword (severely wounded, 69% to hit)
You shoot a bolt. The bolt barely misses the orc priest.
The orc priest invokes the aid of Beogh against you.
Beogh smites you!
* * * LOW HITPOINT WARNING * * *
You hear an angry hiss.
Shoot: a) +2 hand crossbow
Press: ? - help, Q - select action Shift-Dir - straight line, f/p - orc priest
Aim: an orc priest, wielding a +0 short sword (severely wounded, 69% to hit)
You shoot a bolt. The bolt hits the orc priest!
You kill the orc priest!
Shoot: a) +2 hand crossbow
Press: ? - help, Q - select action Shift-Dir - straight line, f - you Really target yourself?
Okay, then.
The orc wizard gestures at you while chanting.
The magic dart hits you!
You die...

#.# #.# #.# #.# !.#
.o
###+###+###.###o...
.......#..#.)o.....
.......#..#.#
##+###'..@.#
+...+.#..###
#...#.#..#
#._.#.'##+
#...#.#..#
+...'†#..#
+###+###'..+
#.......#.[#
#.......#..# #.#


You could see an orc wizard.

Vanquished Creatures
  An orc priest (D:3)
  3 adders
  2 worms (D:2)
  A dart slug (D:1)
  7 ball pythons (D:1)
  2 bats
  5 endoplasms
  3 giant cockroaches
  6 goblins
  3 hobgoblins (D:1)
  4 jackals (D:1)
  A quokka (D:1)
  2 frilled lizards (D:1)
  5 rats
45 creatures vanquished.

Notes
Turn   | Place    | Note
-------+----------+-------------------------------------------
     0 | D:1      | HoaS the Tengu Hunter began the quest for the Orb.
     0 | D:1      | Reached XP level 1. HP: 12/12 MP: 2/2
    72 | D:1      | Reached XP level 2. HP: 17/17 MP: 3/3
    76 | D:1      | Reached skill level 5 in Crossbows
   287 | D:1      | Reached XP level 3. HP: 21/21 MP: 4/4
   543 | D:1      | Found a faded altar of an unknown god.
  1812 | D:2      | Reached skill level 6 in Crossbows
  1812 | D:2      | Reached XP level 4. HP: 17/26 MP: 5/5
  2223 | D:3      | Found a snail-covered altar of Cheibriados.
  2243 | D:3      | HP: 1/26 [orc priest/divine providence (11)]
  2245 | D:3      | Killed from afar by an orc wizard

Illustrated notes

Levels and vault maps discovered:
D:1:      minmay_arrival_stair_chambers, layout_basic,
          nicolae_ecumenical_lake_church, minmay_close_crescents
D:2:      wad_crossroads, layout_rooms, glass_columns_b
D:3:      layout_loops_ring, mainiacjoe_overflow_24_doors,
          gup_sewer_entry_bubbles, uniq_crazy_yiuf_cottage

Skill      XL: |  1  2  3 |
---------------+----------+-----
Crossbows      | 5 6 |  6.7
Fighting       | |  2.0
Dodging        | |  2.1
Stealth        | |  1.0

Action                   |  1- 3 |  4- 6 || total
-------------------------+-------+-------++-------
 Fire: Hand crossbow     |    99 |    16 ||   115
  Use: Scroll            |     5 |       ||     5
Armor: Leather armour    |     8 |     3 ||    11
Dodge: Dodged            |    18 |     3 ||    21

Table legend: (Time is in decaauts)
 A = Elapsed time spent in this place.
 B = Non-inter-level travel time spent in this place.
 C = Inter-level travel time spent in this place.
 D = Time resting spent in this place.
 E = Time spent auto-exploring this place.
 F = Levels seen in this place.
 G = Mean time per level.
                   A        B        C        D        E       F      G
               +--------+--------+--------+--------+--------+-----+--------+
         Total |   2280 |   2240 |     40 |    708 |   1265 |   3 |  760.0 |
       Dungeon |   2280 |   2240 |     40 |    708 |   1265 |   3 |  760.0 |
               +--------+--------+--------+--------+--------+-----+--------+

Top non-repeatable levels by time:
     D:2: 1094 daAuts
     D:1: 907 daAuts
     D:3: 277 daAuts
